 Dungeon Crawl Stone Soup version 0.25.1-2-g60ff931df9 (webtiles) character file.

Game seed: 2694247417470124840

4353 funkygono the Destroyer (level 10, -13/75 HPs)
             Began as a Green Draconian Conjurer on Oct 10, 2020.
             Was a Believer of Sif Muna.
             Mangled by nicanaca0's ghost (20 damage)
             ... on level 9 of the Dungeon.
             The game lasted 00:23:32 (11301 turns).

funkygono the Destroyer (Green Draconian Conjurer) Turns: 11301, Time: 00:23:32

Health: -13/75     AC:  7    Str: 10    XL:     10   Next: 12%
Magic:  13/22      EV: 19    Int: 18    God:    Sif Muna [**....]
Gold:   390        SH:  0    Dex: 13    Spells: 22/25 levels left

rFire    . . .     SeeInvis .   B - +4 whip
rCold    . . .     Gourm    .   (no shield)
rNeg     . . .     Faith    .   (armour unavailable)
rPois    +         Spirit   .   (helmet restricted)
rElec    .         Reflect  .   (no cloak)
rCorr    +         Harm     .   (no gloves)
MR       .....                  (no boots)
Stlth    ++........             (no amulet)
HPRegen  0.22/turn              v - +4 ring of evasion
MPRegen  0.18/turn              w - ring of resist corrosion

@: mighty, stab
A: breathe noxious fumes, unfitting armour, poison resistance, cold-blooded, AC
+7
a: Breathe Noxious Fumes, Channel Magic, Renounce Religion


You were on level 9 of the Dungeon.
You worshipped Sif Muna.
Sif Muna was pleased with you.
You were not hungry.

You visited 2 branches of the dungeon, and saw 10 of its levels.

You collected 390 gold pieces.

Inventory:

Hand Weapons
 h - a +2 whip
 l - a +1 dagger of electrocution
 B - a +4 whip (weapon)
Missiles
 g - 322 stones (quivered)
Armour
 e - a +0 tower shield of protection
Jewellery
 v - a +4 ring of evasion (left hand)
 w - a ring of resist corrosion (right hand)
Wands
 q - a wand of iceblast (8)
 r - a wand of enslavement (7)
 s - a wand of polymorph (9)
 t - a wand of clouds (3)
Scrolls
 i - 7 scrolls of remove curse
 u - a scroll of teleportation
 C - 2 scrolls of amnesia
Potions
 a - a potion of ambrosia
 c - 3 potions of lignification
 d - 3 potions of curing
 f - a potion of haste
 j - a potion of stabbing
 k - 4 potions of brilliance
 m - 3 potions of flight
 n - 2 potions of berserk rage {unknown}
 o - 2 potions of might
 p - a potion of invisibility {unknown}
 x - a potion of mutation {unknown}
 z - a potion of magic {unknown}
Comestibles
 b - 11 rations
 A - 4 chunks of flesh


   Skills:
 + Level 2.9 Fighting
 + Level 4.5 Maces & Flails
 * Level 5.3 Dodging
 + Level 3.5 Stealth
 * Level 8.4 Spellcasting
 * Level 9.2 Conjurations


You had 22 spell levels left.
You knew the following spells:

 Your Spells              Type           Power        Failure   Level  Hunger
a - Magic Dart            Conj           ####         1%          1    None
b - Searing Ray           Conj           #####.       1%          2    None

Your spell library contained the following spells:

 Spells                   Type           Power        Failure   Level  Hunger
 Dazzling Flash           Conj/Hex       ###...       4%          3    None
 Animate Skeleton         Necr           N/A          10%         1    None
 Apportation              Tloc           #.....       10%         1    None
 Corona                   Hex            #......      10%         1    None
 Freeze                   Ice            #...         10%         1    None
 Infusion                 Chrm           #...         10%         1    None
 Sandblast                Erth           #.....       10%         1    None
 Summon Small Mammal      Summ           #...         10%         1    None
 Ensorcelled Hibernation  Hex/Ice        #.....       14%         2    None
 Passwall                 Tmut/Erth      #.......     14%         2    None
 Shroud of Golubria       Chrm/Tloc      #.....       14%         2    None
 Song of Slaying          Chrm           #.......     14%         2    None
 Fulminant Prism          Conj/Hex       ###.......   14%         4    ###....
 Iskenderun's Mystic Bla  Conj/Tloc      ###.....     14%         4    ###....
 Ozocubu's Armour         Chrm/Ice       #.......     28%         3    None
 Spectral Weapon          Hex/Chrm       #.......     28%         3    None
 Borgnjor's Vile Clutch   Necr/Erth      #.........   95%         5    #####..
 Lee's Rapid Deconstruct  Erth           #.........   95%         5    #####..


Dungeon Overview and Level Annotations

Branches:
Dungeon (9/15)             Temple (1/1) D:5
   Lair: D:8-11         Orc: D:9-12

Altars:
Ashenzari
Cheibriados
Dithmenos
Elyvilon
Fedhas
Gozag
Hepliaklqana
Kikubaaqudgha
Makhleb
Nemelex Xobeh
Okawaru
Qazlal
Ru
Sif Muna
Trog
Uskayaw
Vehumet
Wu Jian
Xom
Yredelemnul
Zin
The Shining One

Shops:
D:5 %[[}!   D:8 ?   D:9 [

Annotations:
D:9 nicanaca0's ghost, novice MiBe


Innate Abilities, Weirdness & Mutations

You can breathe blasts of noxious fumes.
Your lurid green scales are hard. (AC +7)
You cannot fit into any form of body armour.
Your system is resistant to poisons. (rPois)
You are cold-blooded and may be slowed by cold attacks.


Message History

Nicanaca0's ghost is moderately damaged. (Press . to maintain the ray.) Nicanaca0's ghost closely misses you.
The searing ray hits nicanaca0's ghost but does no damage.
Nicanaca0's ghost is moderately damaged.
Nicanaca0's ghost hits you.
* * * LOW HITPOINT WARNING * * *
The searing ray hits nicanaca0's ghost!
Nicanaca0's ghost is moderately damaged.
Nicanaca0's ghost hits you!
* * * LOW HITPOINT WARNING * * *
The searing ray hits nicanaca0's ghost!
Nicanaca0's ghost is heavily damaged.
You finish channeling your searing ray.
Nicanaca0's ghost hits you.
* * * LOW HITPOINT WARNING * * *
Nicanaca0's ghost screams in joy, "As in life, so in death: Kill!
Kill!!
Kill!!!"
It was a potion of stabbing.
You feel ready to backstab. Nicanaca0's ghost hits you!!
You die...

....... .......
.......### .........#
..!......#
.........######
........<......
#.......@.......
#.......W###+###
#........# ... #........#
...... #........# ......
#........# ......
#........+ ......###
#........# .........
#........#######.........


You could see nicanaca0's ghost.

Vanquished Creatures
  3 yaks (D:5)
  4 sky beasts
  A phantom (D:4)
  3 orc warriors
  A black bear (D:8)
  2 centaurs
  3 ogres
  A big kobold (D:4)
  4 bullfrogs
  A gnoll sergeant (D:5)
  2 scorpions
  9 killer bees
  4 wights (D:8)
  A howler monkey (D:5)
  2 crimson imps
  A bullfrog zombie (D:6)
  A jelly (D:7)
  A quasit (D:8)
  4 bullfrog skeletons
  4 hounds
  A centaur skeleton (D:5)
  6 orc priests
  11 orc wizards
  3 iguanas
  8 worker ants
  A worker ant zombie (D:7)
  13 gnolls
  A howler monkey skeleton (D:5)
  14 adders
  2 shadow imps
  An ooze (D:4)
  2 adder skeletons (D:4)
  6 worms
  2 dart slugs
  2 leopard geckos
  42 orcs
  8 giant cockroaches
  7 goblins
  5 hobgoblins
  12 jackals
  8 quokkas
  4 bats
  2 frilled lizards
  8 kobolds
  2 leopard gecko skeletons (D:4)
  A leopard gecko zombie (D:8)
  2 quokka skeletons
  8 rats
234 creatures vanquished.

Vanquished Creatures (others)
  A human (D:7)
  A centaur skeleton (D:7)
2 creatures vanquished.

Grand Total: 236 creatures vanquished

Notes
Turn   | Place    | Note
-------+----------+-------------------------------------------
     0 | D:1      | funkygono the Draconian Conjurer began the quest for the
                  | Orb.
     0 | D:1      | Reached XP level 1. HP: 14/14 MP: 3/3
   400 | D:1      | Reached XP level 2. HP: 20/20 MP: 0/5
   404 | D:1      | Learned a level 2 spell: Searing Ray
   580 | D:2      | Found a shattered altar of Ashenzari.
   580 | D:2      | Found an ornate altar of the Wu Jian Council.
  1339 | D:2      | Reached XP level 3. HP: 26/26 MP: 2/6
  2062 | D:3      | Reached skill level 1 in Maces & Flails
  2062 | D:3      | Reached XP level 4. HP: 13/33 MP: 0/8
  2419 | D:3      | Reached skill level 5 in Conjurations
  2420 | D:3      | Reached XP level 5. HP: 20/38 MP: 1/9
  3261 | D:3      | Found a glowing golden altar of the Shining One.
  3775 | D:4      | Found a burning altar of Makhleb.
  3889 | D:4      | Reached XP level 6. HP: 26/46 MP: 1/10
  5003 | D:4      | Your scales start taking on a lurid green colour.
  5003 | D:4      | Reached XP level 7. HP: 37/51 MP: 0/13
  5003 | D:4      | Gained mutation: Your system is resistant to poisons.
                  | (rPois) [Green Draconian growth]
  5162 | D:4      | Reached skill level 1 in Fighting
  5172 | D:4      | Reached skill level 6 in Conjurations
  5295 | D:5      | Entered Level 5 of the Dungeon
  5295 | D:5      | Found Tiysi's Antique Armour Shoppe.
  5324 | D:5      | Found Zoonurisk's Armour Shoppe.
  5713 | D:5      | Found Teifre's Distillery.
  5728 | D:5      | Reached skill level 5 in Spellcasting
  5781 | D:5      | Found Vyimych's Gadget Boutique.
  5971 | D:5      | Found a staircase to the Ecumenical Temple.
  6086 | D:5      | Reached XP level 8. HP: 59/59 MP: 11/15
  6117 | Temple   | Entered the Ecumenical Temple
  6277 | Temple   | Became a worshipper of Sif Muna the Loreminder
  6444 | D:5      | Found Putuatut's Food Shoppe.
  6523 | D:5      | Reached skill level 7 in Conjurations
  6714 | D:5      | Found a sacrificial altar of Ru.
  7692 | D:6      | Found a white marble altar of Elyvilon.
  7711 | D:6      | Reached XP level 9. HP: 47/68 MP: 8/18
  8339 | D:7      | Identified the Catalogue of the Frigorific Rocks
  8358 | D:7      | Reached skill level 8 in Conjurations
  8396 | D:7      | Reached * piety under Sif Muna
  8895 | D:7      | Found an ancient bone altar of Kikubaaqudgha.
  9592 | D:8      | Found Girhai's Magic Scroll Boutique.
  9769 | D:8      | Reached skill level 5 in Dodging
  9774 | D:8      | Reached ** piety under Sif Muna
 10021 | D:8      | Reached skill level 9 in Conjurations
 10148 | D:8      | Reached XP level 10. HP: 75/75 MP: 14/22
 10935 | D:9      | Found Kumem's Armour Boutique.
 11204 | D:9      | Found a runed translucent door.
 11204 | D:9      | Noticed nicanaca0's ghost (novice MiBe)
 11301 | D:9      | Mangled by nicanaca0's ghost

Illustrated notes

Levels and vault maps discovered:
D:1:      wander_arrival_peaceful_grave, layout_rooms
D:2:      minmay_spotlight, layout_basic, overflow_temple_1_default,
          ashenzari_altar_1, first_ration
D:3:      layout_loops_ring, nicolae_tso_swordbearing_angel
D:4:      minmay_bubble_buster, layout_cave_pools, lemuel_doored_altar
D:5:      layout_loops_ring, marbit_many_paths,
          minmay_temple_entry_glassed_door, serial_shops,
          nicolae_shop_window_shopping, shop, shop, kennysheep_little_box, shop
D:6:      layout_loops_ring, elyvilon_altar_3
D:7:      layout_rooms, tgw_kikubaaqudgha
D:8:      layout_basic, serial_shops, nicolae_shop_stone, moated_statue
D:9:      layout_irregular_city, serial_shops, shop, nicolae_shop_trees,
          nicolae_shop_waterfront, shop, gammafunk_ghost_grave,
          blue_anna_alchemist [blue_anna_fruit_fields, blue_anna_fruit_fields]
Temple:   nicolae_temple_elliptical

Skill      XL: |  1  2  3  4  5  6  7  8  9 |
---------------+----------------------------+-----
Dodging        | 2 3 4 5 |  5.3
Maces & Flails | 1 2 4 |  4.5
Stealth        | 2 3 |  3.5
Conjurations   | 5 6 7 9 |  9.2
Spellcasting   | 3 4 5 6 8 |  8.4
Fighting       | 1 2 |  2.9

Action                   |  1- 3 |  4- 6 |  7- 9 | 10-12 || total
-------------------------+-------+-------+-------+-------++-------
Melee: Whip              |    30 |    87 |    79 |    13 ||   209
       Tailslap          |     3 |    10 |    11 |     1 ||    25
 Cast: Magic Dart        |    64 |    73 |   176 |    30 ||   343
       Searing Ray       |     3 |    26 |    61 |    21 ||   111
 Abil: Breathe Noxious F |       |       |     2 |     1 ||     3
  Use: Scroll            |     3 |     3 |     6 |     3 ||    15
       Potion            |       |       |       |     5 ||     5
  Eat: Chunk             |     4 |    11 |    12 |     2 ||    29
       Ration            |       |       |     1 |     1 ||     2
Armor: Skin              |    11 |    13 |    32 |     4 ||    60
Dodge: Dodged            |    21 |    74 |    98 |    26 ||   219
